 Dungeon Crawl Stone Soup version 0.30-a0-1161-g0704695555 (webtiles) character file.

Game seed: 1003296506150801335

822 themarg the Summoner (level 7, -5/46 HPs)
             Began as a Merfolk Summoner on Apr 28, 2023.
             Was a Follower of Uskayaw.
             Killed by divine providence
             ... invoked by an orc priest
              (10 damage)
             ... on level 5 of the Dungeon.
             The game lasted 00:17:19 (5375 turns).

themarg the Summoner (Merfolk Summoner)             Turns: 5375, Time: 00:17:19

Health: -5/46      AC:  7    Str:  8    XL:     7   Next: 95%
Magic:  4/10       EV: 12    Int: 17    God:    Uskayaw [*.....]
Gold:   364        SH:  0    Dex: 14    Spells: 4/10 levels left

rFire   . . .        u - +0 trident
rCold   . . .        (no shield)
rNeg    . . .        a - +0 robe
rPois   .            C - +2 helmet
rElec   .            B - +0 cloak
rCorr   .            (no gloves)
SInv    .            h - +0 pair of boots
Will    .....        (no amulet)
Stlth   ++           (no ring)
HPRegen 0.27/turn    (no ring)
MPRegen 0.12/turn

%: no passive effects
@: no status effects
A: (nimble swimmer 2), mertail
a: Renounce Religion, Stomp


You were on level 5 of the Dungeon.
You worshipped Uskayaw.
Uskayaw was noncommittal.
You visited 1 branch of the dungeon, and saw 5 of its levels.
You also visited: Sewer.

You collected 364 gold pieces.

Inventory:

Hand Weapons
 j - a +2 dagger of flaming
 u - a +0 trident (weapon)
 A - a +2 dagger of venom
Missiles
 c - 12 poisoned darts
 d - 68 stones
Armour
 a - a +0 robe (worn)
 h - a +0 pair of boots (worn)
 B - a +0 cloak (worn)
 C - a +2 helmet (worn)
Jewellery
 J - an amulet of faith
Wands
 r - a wand of iceblast (8)
 D - a wand of flame (16)
 E - a wand of digging (4)
Scrolls
 g - a scroll of enchant armour {unknown}
 k - 2 scrolls of fear
 l - 3 scrolls of teleportation
 q - a scroll of magic mapping {unknown}
 s - 2 scrolls of immolation
 t - 3 scrolls of identify
 w - a scroll of enchant weapon {unknown}
 x - a scroll of summoning {unknown}
 y - a scroll of noise {unknown}
 z - a scroll of amnesia {unknown}
 F - a scroll of poison {unknown}
Potions
 b - 2 potions of magic
 e - 2 potions of degeneration
 f - 2 potions of resistance
 i - a potion of haste
 m - 5 potions of flight
 n - a potion of ambrosia {unknown}
 o - 4 potions of mutation {unknown}
 p - 5 potions of curing
 v - a potion of brilliance {unknown}
 G - a potion of berserk rage {unknown}
 H - a potion of attraction {unknown}
 I - a potion of lignification {unknown}


   Skills:
 - Level 2.6 Dodging
 - Level 2.1 Stealth
 - Level 2.0 Spellcasting
 + Level 9.0 Summonings
 + Level 2.3 Air Magic


You had 4 spell levels left.
You knew the following spells:

 Your Spells              Type           Power      Damage    Failure   Level
a - Summon Small Mammal   Summ           100%       N/A       1%          1
b - Call Imp              Summ           64%        N/A       1%          2
c - Call Canine Familiar  Summ           32%        N/A       1%          3

Your spell library contained the following spells:

 Spells                   Type           Power      Damage    Failure   Level
 Summon Guardian Golem    Hex/Summ       17%        N/A       9%          3
 Summon Lightning Spire   Summ/Air       21%        N/A       19%         4
 Blink                    Tloc           2%         N/A       28%         2
 Inner Flame              Hex/Fire       1%         N/A       50%         3
 Manifold Assault         Tloc           1%         N/A       88%         4
 Yara's Violent Unravell  Hex/Tmut       0%         3d3       99%         5
 Enfeeble                 Hex            0%         N/A       100%        7
 Storm Form               Tmut/Air       2%         N/A       100%        7


Dungeon Overview and Level Annotations

Branches:
Dungeon (5/15)              Sewer (visited)
 Temple: D:4-7

Altars:
Gozag
Nemelex Xobeh
Ru
Uskayaw
Wu Jian


Innate Abilities, Weirdness & Mutations

((You are very nimble when in or above water. (Stealth+, EV+, Speed+++)))
Your lower body shifts to a powerful aquatic tail in water.


Message History

The orc hits your hound with a +0 falchion.
Reach: u) +0 trident
Press: ? - help, Dir - move target, f - orc
Aim: an orc, wielding a +0 falchion (severely wounded, ally target, about 44% to evade your +0 trident)
You reach to attack!
You hit the orc.
You kill the orc!
Your hound bites the orc priest.
The orc priest hits your hound with a +0 war axe!
A tiny devil pulls itself out of the air.
Your hound barely misses the orc priest.
The orc priest mumbles some strange prayers to Beogh against you.
Beogh smites you!
Your hound bites the orc priest.
Your magical contamination has completely faded away.
Your hound bites the orc priest.
The orc priest hits your hound with a +0 war axe.
The orc priest mumbles some strange prayers to Beogh against you.
Beogh smites you!
Reach: u) +0 trident
Press: ? - help, Dir - move target, f - orc priest
Aim: an orc priest, wielding a +0 war axe and wearing a +0 leather armour (severely wounded, ally target, about 44% to evade your +0 trident)
You could not reach far enough!
Your hound barely misses the orc priest.
The orc priest hits your hound with a +0 war axe!
Your hound dies!
Your hound's corpse disappears in a puff of smoke!
You swap places.
Your cerulean imp hits the orc priest but does no damage.
The orc priest begins to cast a cantrip, but forgets the words!
Your cerulean imp hits the orc priest but does no damage.
The orc priest closely misses your cerulean imp.
Your cerulean imp hits the orc priest with a -1 spear.
The orc priest hits your cerulean imp but does no damage.
Your cerulean imp barely misses the orc priest.
The orc priest invokes the aid of Beogh against you.
Beogh smites you!
* * * LOW HITPOINT WARNING * * *
Your cerulean imp barely misses the orc priest.
The orc priest calls down the wrath of Beogh upon you.
Beogh smites you!
You die...

#.......#######
#.#.....5oooo.#
#####.#.o########.#
+.......##
#......5# #....)..#
#.......#
####.##.##
#.##@.######
#...........
#...#....#..
..##..####.....
##..##..#########
#......>......#
#.............#
#.............#
#.............#


You could see an orc priest (ally target) and a friendly cerulean imp
(summoned).

Vanquished Creatures
  2 hounds (D:5)
  5 gnolls
  An adder (D:5)
  A river rat (Sewer)
  A dart slug (D:1)
  4 orcs
  3 ball pythons
  3 bats
  An endoplasm (D:2)
  A giant cockroach (Sewer)
  6 goblins
  A hobgoblin (D:1)
  3 quokkas
  4 frilled lizards
  4 kobolds
  4 rats
44 creatures vanquished.

Vanquished Creatures (collateral kills)
  Sigmund (D:3)
  An ogre (D:5)
  A scorpion (D:5)
  2 hounds (D:5)
  A gnoll bouda (D:5)
  A sickly merfolk siren (Sewer)
  A malarious merfolk avatar (Sewer)
  6 adders
  8 gnolls
  A worm (D:5)
  4 dart slugs
  8 orcs
  3 endoplasms
  3 giant cockroaches
  2 goblins
  6 hobgoblins
  2 jackals (D:3)
  5 kobolds (D:1)
  5 quokkas
  6 ball pythons
  3 bats
  6 frilled lizards
  21 rats
97 creatures vanquished.

Grand Total: 141 creatures vanquished

Notes
Turn   | Place    | Note
-------+----------+-------------------------------------------
     0 | D:1      | themarg the Merfolk Summoner began the quest for the Orb.
     0 | D:1      | Reached XP level 1. HP: 13/13 MP: 3/3
   259 | D:1      | Reached XP level 2. HP: 19/19 MP: 1/5
   262 | D:1      | Learned a level 2 spell: Call Imp
   574 | D:1      | Reached XP level 3. HP: 24/24 MP: 2/6
   578 | D:1      | Learned a level 3 spell: Call Canine Familiar
   686 | D:1      | Reached skill level 5 in Summonings
  1302 | D:2      | Reached XP level 4. HP: 30/30 MP: 1/7
  1793 | D:2      | Reached skill level 6 in Summonings
  2133 | D:2      | Reached XP level 5. HP: 35/35 MP: 2/8
  2254 | D:3      | Found a faded altar of an unknown god.
  2265 | D:3      | Prayed at the altar of an unknown god.
  2265 | D:3      | Became a worshipper of Uskayaw the Reveller
  2265 | D:3      | Reached * piety under Uskayaw
  2498 | D:3      | Found a sacrificial altar of Ru.
  2766 | D:3      | Noticed Sigmund
  2782 | D:3      | Killed Sigmund
  2783 | D:3      | Reached skill level 7 in Summonings
  2783 | D:3      | Reached XP level 6. HP: 41/41 MP: 1/9
  3654 | D:4      | Found a glowing drain.
  3659 | Sewer    | Entered a sewer
  3726 | Sewer    | Reached skill level 8 in Summonings
  3840 | Sewer    | Reached XP level 7. HP: 45/46 MP: 10/10
  4073 | D:4      | Found an ornate altar of the Wu Jian Council.
  4259 | D:4      | Found an opulent altar of Gozag.
  4291 | D:4      | Found a sparkling altar of Nemelex Xobeh.
  4581 | D:5      | Entered Level 5 of the Dungeon
  4857 | D:5      | Reached skill level 1 in Air Magic
  5125 | D:5      | Reached ** piety under Uskayaw
  5132 | D:5      | Reached *** piety under Uskayaw
  5133 | D:5      | Reached skill level 9 in Summonings
  5375 | D:5      | Killed from afar by an orc priest

Illustrated notes

Levels and vault maps discovered:
D:1:      minmay_arrival_hallway, layout_loops_ring
D:2:      layout_rooms, wad_orctagon
D:3:      layout_loops_corners, mainiacjoe_overflow_boulevard,
          shapermc_ecumenical_altar_pompeii, uniq_sigmund
D:4:      layout_basic, mainiacjoe_overflow_tiny_flanked, kennysheep_little_box,
          nicolae_gozag_cash_rules_everything_around_me, portal_sewer_entry_e
D:5:      layout_gridville, st_stairs_11, nicolae_shop_i_like_big_books

Skill      XL: |  1  2  3  4  5  6  7 |
---------------+----------------------+-----
Summonings     | 5 6 7 8 9 |  9.0
Air Magic      | 2 |  2.3
Dodging        | |  2.6
Stealth        | |  2.1
Spellcasting   | |  2.0

Action                     |  1- 3 |  4- 6 |  7- 9 || total
---------------------------+-------+-------+-------++-------
  Melee: Short sword       |    12 |       |       ||    12
         Dagger            |    24 |     4 |       ||    28
         Trident           |       |    74 |    61 ||   135
         Tailslap          |       |       |     1 ||     1
         Punch             |       |       |     1 ||     1
   Cast: Summon Small Mamm |    38 |    13 |     8 ||    59
         Call Imp          |     7 |    16 |     8 ||    31
         Call Canine Famil |     2 |    22 |    11 ||    35
    Use: Potion            |     1 |       |       ||     1
         Scroll            |       |     4 |       ||     4
   Stab: Distracted        |     1 |     1 |     1 ||     3
         Sleeping          |       |     1 |     1 ||     2
 Armour: Robe              |     6 |    23 |     4 ||    33
  Dodge: Dodged            |    28 |    44 |    20 ||    92

Table legend: (Time is in decaauts)
 A = Elapsed time spent in this place.
 B = Non-inter-level travel time spent in this place.
 C = Inter-level travel time spent in this place.
 D = Time resting spent in this place.
 E = Time spent auto-exploring this place.
 F = Levels seen in this place.
 G = Mean time per level.
                   A        B        C        D        E       F      G
               +--------+--------+--------+--------+--------+-----+--------+
         Total |   5367 |   5246 |    121 |     70 |   3793 |   6 |  894.5 |
       Dungeon |   5049 |   4928 |    121 |     70 |   3718 |   5 | 1009.8 |
         Sewer |    318 |    318 |      0 |      0 |     75 |   1 |  318.0 |
               +--------+--------+--------+--------+--------+-----+--------+

Top non-repeatable levels by time:
     D:3: 1316 daAuts
     D:1: 1222 daAuts
     D:2: 979 daAuts
     D:5: 781 daAuts
     D:4: 749 daAuts
   Sewer: 318 daAuts
